 Dungeon Crawl Stone Soup version 0.28-a0-706-gf6f64a616a (webtiles) character file.

Game seed: 9916014262509564397

144 lawman0 the Sneak (level 5, -3/36 HPs)
             Began as a Djinni Enchanter on Oct 24, 2021.
             Slain by Grinder (6 damage)
             ... on level 3 of the Dungeon.
             The game lasted 00:03:05 (3568 turns).

lawman0 the Sneak (Djinni Enchanter)                Turns: 3568, Time: 00:03:06

Health: -3/36      AC:  3    Str:  6 (7)  XL:     5   Next: 51%
Gold:   66         EV: 12    Int: 14 (17) God:
                   SH:  0    Dex: 12 (14)

rFire   + + .      SeeInvis .   a - +3 dagger (venom)
rCold   x . .      Faith    .   (no shield)
rNeg    . . .      Spirit   .   b - +0 robe
rPois   ∞          Reflect  .   e - +1 hat
rElec   .          Harm     .   (no cloak)
rCorr   .          Rampage  .   (no gloves)
Will    .....                   (boots unavailable)
Stlth   ++........              (no amulet)
HPRegen 0.12/turn               (no ring)
MPRegen 0.00/turn               (no ring)

@: flying, very slightly contaminated, invisible
A: sickness immunity, fire resistance 2, cold vulnerability 1, float, innate
caster, hp casting, extra vitality 1
a: no special abilities


You were on level 3 of the Dungeon.
You visited 1 branch of the dungeon, and saw 3 of its levels.

You collected 66 gold pieces.

Inventory:

Hand Weapons
 a - a +3 dagger of venom (weapon)
Missiles
 k - 7 boomerangs (quivered)
 l - 4 boomerangs of dispersal
Armour
 b - a +0 robe (worn)
 e - a +1 hat (worn)
Magical Staves
 f - a staff of earth
Scrolls
 d - 2 scrolls of teleportation
 g - a scroll of vulnerability {unknown}
 h - a scroll of enchant weapon
 i - a scroll of silence {unknown}
 n - a scroll of blinking {unknown}
Potions
 m - a potion of curing


   Skills:
 + Level 0.4 Fighting
 * Level 2.4 Short Blades
 + Level 2.7 Dodging
 * Level 3.8 Stealth
 + Level 2.7 Spellcasting


You couldn't memorise any spells.
You knew the following spells:

 Your Spells              Type           Power      Damage    Failure   Level
a - Ensorcelled Hibernat  Hex/Ice        18%        N/A       11%         2
b - Confusing Touch       Hex            9%         N/A       22%         3
c - Tukima's Dance        Hex            9%         N/A       22%         3
d - Dazzling Flash        Conj/Hex       18%        N/A       22%         3
e - Magic Dart            Conj           36%        1d4       7%          1
f - Call Imp              Summ           9%         N/A       11%         2
Your spell library was empty.

Dungeon Overview and Level Annotations

Branches:
Dungeon (3/15)

Altars:

Annotations:
D:3 Grinder


Innate Abilities, Weirdness & Mutations

You are immune to sickness and miasma.
You are immune to poison.
Your flesh is very heat resistant. (rF++)
You are vulnerable to cold. (rC-)
You float through the air rather than walking.
You learn spells naturally, not from books.
Your magical power is your life essence.
You have superior vitality. (+4 HP)


Message History

Pain shoots through your body!
You hit Grinder but do no damage.
Grinder is lightly wounded.
Grinder hits you.
You writhe in agony.
You hit Grinder but do no damage.
Grinder is lightly wounded.
Grinder says, "Make like a tree!"
Grinder hits you.
You writhe in agony.
You closely miss Grinder.
Grinder is lightly wounded.
Grinder blinks!
Casting: Ensorcelled Hibernation (safe; 11% risk of failure)
Confirm with . or Enter, or press ? or * to list all spells.
A beastly little devil appears in a puff of frigid air.
Grinder gestures at you.
You struggle to resist.
You hit Grinder.
Grinder is lightly wounded.
Grinder barely misses you.
You closely miss Grinder.
Grinder is lightly wounded.
Your white imp hits Grinder.
Your white imp freezes Grinder.
Grinder resists.
Grinder barely misses you.
You closely miss Grinder.
Grinder is lightly wounded.
Your white imp hits Grinder.
Your white imp freezes Grinder.
Grinder resists.
Grinder barely misses you.
You hit Grinder.
Grinder is poisoned.
Grinder is lightly wounded.
Your white imp hits Grinder but does no damage.
Grinder gestures at you. Pain shoots through your body!
* * * LOW HITPOINT WARNING * * *
You hit Grinder but do no damage.
Grinder is lightly wounded.
Your white imp hits Grinder.
Your white imp freezes Grinder.
Grinder resists.
Grinder hits you.
* * * LOW HITPOINT WARNING * * *
You writhe in agony.
You die...

.........#
#....##....###########
.........#
#............)..)..)..
.......>.#
#...##################
.......#.# ###.#
.####..#.# #.#####
.......#.#####.....#
.......#...........#
###....###########.#
.......#########@#.#
.................5.#
.##.##############5#
........... ..#
.##.####### ### .##.#
....# #####


You could see Grinder (very poisoned, ally target) and a friendly white imp
(summoned).

Vanquished Creatures
  An orc priest (D:3)
  Terence (D:3)
  3 adders (D:2)
  A worm (D:2)
  A dart slug (D:3)
  3 orcs (D:3)
  4 bats
  5 endoplasms
  4 giant cockroaches
  4 goblins
  4 hobgoblins
  4 jackals (D:1)
  3 kobolds
  A quokka (D:2)
  5 ball pythons
  A frilled lizard (D:1)
  7 rats
52 creatures vanquished.

Notes
Turn   | Place    | Note
-------+----------+-------------------------------------------
     0 | D:1      | lawman0 the Djinni Enchanter began the quest for the Orb.
     0 | D:1      | Reached XP level 1. HP: 15/15 MP: 0/0
   253 | D:1      | Reached skill level 1 in Short Blades
   525 | D:1      | Reached XP level 2. HP: 21/21 MP: 0/0
  1329 | D:1      | Reached skill level 3 in Stealth
  1333 | D:1      | Reached XP level 3. HP: 17/25 MP: 0/0
  1333 | D:1      | Learned a level 1 spell: Magic Dart
  2200 | D:2      | Reached XP level 4. HP: 31/31 MP: 0/0
  3133 | D:3      | Noticed Terence
  3143 | D:3      | Killed Terence
  3144 | D:3      | Reached XP level 5. HP: 21/35 MP: 0/0
  3144 | D:3      | Learned a level 2 spell: Call Imp
  3549 | D:3      | Noticed Grinder
  3568 | D:3      | Slain by Grinder

Illustrated notes

Levels and vault maps discovered:
D:1:      zelgadis_glass_arrival_small, layout_basic, corexii_corridor_pit
D:2:      minmay_door_path, layout_basic
D:3:      layout_basic, nicolae_gozag_cash_rules_everything_around_me,
          uniq_terence, uniq_grinder

Skill      XL: |  1  2  3  4 |
---------------+-------------+-----
Short Blades   | 1 2 |  2.4
Stealth        | 3 |  3.8
Fighting       | |  0.4
Dodging        | |  2.7
Spellcasting   | |  2.7

Action                   |  1- 3 |  4- 6 || total
-------------------------+-------+-------++-------
Melee: Dagger            |    97 |    59 ||   156
 Cast: Ensorcelled Hiber |     7 |     6 ||    13
       Call Imp          |       |     1 ||     1
  Use: Scroll            |       |     2 ||     2
       Potion            |       |     4 ||     4
 Stab: Sleeping          |     9 |     5 ||    14
Armor: Robe              |    26 |     9 ||    35
Dodge: Dodged            |    58 |    40 ||    98

Table legend: (Time is in decaauts)
 A = Elapsed time spent in this place.
 B = Non-inter-level travel time spent in this place.
 C = Inter-level travel time spent in this place.
 D = Time resting spent in this place.
 E = Time spent auto-exploring this place.
 F = Levels seen in this place.
 G = Mean time per level.
                   A        B        C        D        E       F      G
               +--------+--------+--------+--------+--------+-----+--------+
         Total |   3556 |   3438 |    118 |    790 |   2197 |   3 | 1185.3 |
       Dungeon |   3556 |   3438 |    118 |    790 |   2197 |   3 | 1185.3 |
               +--------+--------+--------+--------+--------+-----+--------+

Top non-repeatable levels by time:
     D:1: 1593 daAuts
     D:2: 1320 daAuts
     D:3: 642 daAuts
